 Dungeon Crawl Stone Soup version 0.25.1-2-g60ff931df9 (webtiles) character file.

Game seed: 18428648465881429576

379 H0rd4k the Insei (level 6, 0/39 HPs)
             Began as an Octopode Transmuter on Sept 23, 2020.
             Slain by an ice beast (11 damage)
             ... on level 5 of the Dungeon.
             The game lasted 00:06:14 (4749 turns).

H0rd4k the Insei (Octopode Transmuter)              Turns: 4749, Time: 00:06:16

Health: 0/39       AC:  1    Str: 10    XL:     6   Next: 74%
Magic:  9/10       EV: 14    Int: 17    God:
Gold:   337        SH:  0    Dex: 12    Spells: 5/11 levels left

rFire    . . .     SeeInvis .     - Unarmed
rCold    . . .     Gourm    .   (no shield)
rNeg     . . .     Faith    .   (helmet restricted)
rPois    .         Spirit   .   (no amulet)
rElec    .         Reflect  .   f - ring of teleportation (curse)
rCorr    .         Harm     .   (no ring)
MR       .....     Rnd*Tele +   (no ring)
Stlth    +++.......             (no ring)
HPRegen  0.13/turn              (no ring)
MPRegen  0.12/turn              (no ring)
                                (no ring)
                                (no ring)

@: appendage
A: almost no armour, stealthy swim, amphibious, 8 rings, constrict 8, tentacle
spike 3, camouflage 1, gelatinous body 1
a: End Transformation


You were on level 5 of the Dungeon.
You were not hungry.
One of your tentacles had a temporary spike.
You visited 1 branch of the dungeon, and saw 5 of its levels.

You collected 337 gold pieces.

Inventory:

Missiles
 a - 71 arrows
 h - 4 poisoned darts (quivered)
Jewellery
 f - a cursed ring of teleportation (left tentacle)
 n - an uncursed ring of protection from magic {unknown}
Wands
 k - a wand of enslavement (4)
Scrolls
 d - a scroll of amnesia
 l - 2 scrolls of identify
Potions
 b - 3 potions of flight
 e - 2 potions of curing
 g - 2 potions of lignification {unknown}
 i - a potion of stabbing {unknown}
 j - a potion of brilliance {unknown}
 o - a potion of experience
Comestibles
 c - 11 rations
 m - 2 chunks of flesh


   Skills:
 + Level 1.8 Fighting
 + Level 0.7 Throwing
 + Level 2.8 Dodging
 + Level 3.2 Stealth
 + Level 4.7 Unarmed Combat
 * Level 3.2 Spellcasting
 * Level 3.3 Transmutations
 + Level 0.1 Evocations


You had 5 spell levels left.
You knew the following spells:

 Your Spells              Type           Power        Failure   Level  Hunger
a - Beastly Appendage     Tmut           ##....       4%          1    None
b - Sticks to Snakes      Tmut           ##......     7%          2    ##.....
c - Spider Form           Tmut/Pois      #.........   26%         3    ###....

Your spell library contained the following spells:

 Spells                   Type           Power        Failure   Level  Hunger
 Ice Form                 Ice/Tmut       #.......     65%         4    ####...
 Blade Hands              Tmut           ##........   77%         5    ######.


Dungeon Overview and Level Annotations

Branches:
Dungeon (5/15)             Temple (0/1) D:5

Altars:
Kikubaaqudgha
Okawaru
Ru
Xom

Annotations:
D:4 exclusion: downstairs, Edmund


Innate Abilities, Weirdness & Mutations

You cannot wear most types of armour.
You are very stealthy in the water. (Stealth+)
You are amphibious.
You can wear up to eight rings at the same time.
You can use your tentacles to constrict eight enemies at once.
Your skin changes colour to match your surroundings (Stealth+).
Your rubbery body absorbs attacks. (AC +1, EV +1)
One of your tentacles bears a large vicious spike.


Message History

You squeeze the ice beast.
The ice beast is lightly wounded.
The ice beast closely misses you.
You tentacle-slap the ice beast.
The ice beast is lightly wounded.
The ice beast closely misses you.
You tentacle-slap the ice beast.
The ice beast is moderately wounded.
The ice beast closely misses you.
You closely miss the ice beast.
Your tentacle spike misses the ice beast.
The ice beast is moderately wounded.
The ice beast hits you. The ice beast freezes you!
You tentacle-slap the ice beast.
Your tentacle spike misses the ice beast.
The ice beast is moderately wounded.
The ice beast hits you.
* * * LOW HITPOINT WARNING * * *
The ice beast freezes you!
You die...

...# #.#.#########..###.#.#.#
.#.# #...##.........# #.#.#.#
.#.## ######.#######.# #.#)###
....# #.# #.# #.#.#..
##..###########.# #.. #.#....
#..............# ##.##.###.#
##.######.....### ..#)....#
.....####.....###########.#######
[.÷.....+.....'.@Y..((.( ... ....
.....####.##.##.##.##.## #.# ####
.....# #.#.........# #.## #
###### #..).......... #..#####
#.#..⌠...⌠..### #....g..
#.#.........### #..#####
#......>......# #..##
###.#.........#.####...####
....#..⌠...⌠..#.)......#..<


You could see an ice beast.

Vanquished Creatures
  An ice beast (D:5)
  A bullfrog skeleton (D:4)
  A hound (D:5)
  2 orc wizards (D:3)
  2 iguanas
  A gnoll (D:4)
  3 adders
  An ooze (D:2)
  A worm (D:3)
  A dart slug (D:1)
  A leopard gecko (D:3)
  5 orcs
  2 ball pythons
  5 bats
  3 giant cockroaches
  9 goblins
  12 hobgoblins
  5 jackals
  6 quokkas
  6 frilled lizards
  2 kobolds
  7 rats
77 creatures vanquished.

Vanquished Creatures (collateral kills)
  An adder (D:5)
  A jackal skeleton (D:5)
2 creatures vanquished.

Vanquished Creatures (others)
  A gnoll (D:5)
1 creature vanquished.

Grand Total: 80 creatures vanquished

Notes
Turn   | Place    | Note
-------+----------+-------------------------------------------
     0 | D:1      | H0rd4k the Octopode Transmuter began the quest for the Orb.
     0 | D:1      | Reached XP level 1. HP: 13/13 MP: 3/3
    82 | D:1      | Reached XP level 2. HP: 14/18 MP: 5/5
   614 | D:1      | Reached XP level 3. HP: 20/23 MP: 6/6
   732 | D:1      | Learned a level 2 spell: Sticks to Snakes
   736 | D:1      | Learned a level 3 spell: Spider Form
  1196 | D:2      | Reached skill level 1 in Stealth
  1196 | D:2      | Reached XP level 4. HP: 28/28 MP: 7/7
  2193 | D:3      | Found a sacrificial altar of Ru.
  2200 | D:3      | Reached skill level 4 in Unarmed Combat
  2200 | D:3      | Reached XP level 5. HP: 23/33 MP: 7/9
  2557 | D:3      | You fall into a shaft and drop 2 floors!
  2557 | D:5      | Entered Level 5 of the Dungeon
  2636 | D:4      | Noticed Edmund
  3222 | D:4      | Found a shimmering altar of Xom.
  3222 | D:4      | Found an iron altar of Okawaru.
  3432 | D:4      | Found an ancient bone altar of Kikubaaqudgha.
  4129 | D:5      | Reached XP level 6. HP: 32/39 MP: 8/10
  4198 | D:5      | Noticed an ice beast
  4214 | D:5      | Killed an ice beast
  4235 | D:5      | Found a staircase to the Ecumenical Temple.
  4737 | D:5      | Noticed an ice beast
  4749 | D:5      | Slain by an ice beast

Illustrated notes

Levels and vault maps discovered:
D:1:      minmay_arrival_plants_in_alcoves, layout_rooms
D:2:      layout_basic
D:3:      layout_basic, nicolae_ru_great_annihilating_truth
D:4:      layout_basic, kiku_gazebo_garden_becter, grunt_temple_overflow_open,
          uniq_edmund
D:5:      layout_basic, minmay_temple_entry_large_hall, first_ration

Skill      XL: |  1  2  3  4  5  6 |
---------------+-------------------+-----
Stealth        | 1 2 3 |  3.2
Unarmed Combat | 4 |  4.7
Transmutations | 3 |  3.3
Spellcasting   | 3 |  3.2
Fighting       | |  1.8
Throwing       | |  0.7
Dodging        | |  2.8
Evocations     | |  0.1

Action                   |  1- 3 |  4- 6 || total
-------------------------+-------+-------++-------
Melee: Unarmed           |    67 |   117 ||   184
       Constrict         |    20 |    31 ||    51
       Tentacles         |    16 |    30 ||    46
       Punch             |     2 |     2 ||     4
       Kick              |       |     4 ||     4
Throw: Dart              |       |    18 ||    18
 Cast: Beastly Appendage |       |     9 ||     9
Evoke: Wand              |       |     5 ||     5
  Use: Scroll            |       |     8 ||     8
 Stab: Sleeping          |     3 |     7 ||    10
       Paralysed         |       |     1 ||     1
  Eat: Chunk             |     1 |    11 ||    12
Armor: Skin              |    11 |     7 ||    18
Dodge: Dodged            |    37 |    61 ||    98
